 Dungeon Crawl Stone Soup version 0.20.0-15-g7f486f2 (webtiles) character file.

6008 wazuzu the Spear-Bearer (level 10, -10/166 HPs)
             Began as an Ogre Monk on June 12, 2017.
             Was a Believer of Cheibriados (penitent).
             Mangled by dricus's ghost (13 damage)
             ... in a bailey.
             The game lasted 00:34:58 (11875 turns).

wazuzu the Spear-Bearer (Ogre Monk)                Turns: 11875, Time: 00:34:59

Health: -10/166    AC:  3    Str: 25    XL:     10   Next: 85%
Magic:  0/10       EV: 15    Int: 11    God:    Cheibriados [*]
Gold:   106        SH:  0    Dex: 21    Spells: 9/9 levels left

rFire    + + .     SeeInvis .   q - +5 trident of the Original Sin {flame, +Blink +Fly Dex+6}
rCold    + + .     Gourm    .   (no shield)
rNeg     + . .     Faith    .   u - +0 robe {rC+ rF+}
rPois    .         Spirit   +   (helmet restricted)
rElec    .         Reflect  .   e - scarf {rC+ rF+}
rCorr    .         Harm     .   (gloves unavailable)
MR       +....                  (boots unavailable)
Stlth    ..........             n - amulet of guardian spirit
Regen    0.4/turn               a - +4 ring of dexterity
MPRegen  0.2/turn               x - ring of positive energy

@: berserking, very slow
A: unfitting armour, tough skin 1
a: Renounce Religion, Evoke Blink, Evoke Flight


You were in a bailey.
You worshipped Cheibriados.
Cheibriados was demanding penance.
You were not hungry.

You visited 2 branches of the dungeon, and saw 11 of its levels.
You also visited: Bailey.

You collected 436 gold pieces.
You spent 330 gold pieces at shops.

Inventory:

Hand Weapons
 q - the +5 trident of the Original Sin (weapon) {flame, +Blink +Fly Dex+6}
   (You found it on level 6 of the Dungeon)

   It has been specially enchanted to burn those struck by it, causing extra
   injury to most foes and up to half again as much damage against particularly
   susceptible opponents.
   It affects your dexterity (+6).
   It lets you fly.
   It lets you blink.
 I - the +3 halberd of Jioq {pain, Str+5 Int+4, unknown}
   (You found it on level 10 of the Dungeon)

   In the hands of one skilled in necromantic magic, it inflicts extra damage on
   living creatures.
   It affects your strength (+5).
   It affects your intelligence (+4).
Armour
 e - a scarf of resistance (worn)
 u - a +0 robe of resistance (worn)
Jewellery
 a - a +4 ring of dexterity (left hand)
 l - a cursed amulet of inaccuracy {unknown}
 n - an amulet of guardian spirit (around neck)
 v - an uncursed ring of resist corrosion
 x - a ring of positive energy (right hand)
Wands
 f - a wand of paralysis (1/24)
 h - a wand of flame (48/48)
 p - a wand of flame (4/48)
 B - a wand of iceblast (4/15)
 F - a wand of polymorph (12/24)
Scrolls
 b - 4 scrolls of teleportation
 d - a scroll of magic mapping
 j - 4 scrolls of remove curse
 y - 2 scrolls of recharging
Potions
 i - a potion of haste
 o - 2 potions of flight
 s - 3 potions of magic
 t - 3 potions of might
 w - a potion of mutation {unknown}
 z - a potion of ambrosia
 C - a potion of resistance {unknown}
 D - 2 potions of curing
 E - a potion of brilliance {unknown}
 G - a potion of invisibility
 H - a potion of cancellation {unknown}
Comestibles
 c - 3 bread rations
 g - 6 royal jellies
 m - 6 fruits
 r - 3 meat rations


   Skills:
 + Level 10.4 Fighting
 + Level 12.2 Polearms
 + Level 7.2 Dodging
 - Level 1.4 Stealth


You had 9 spell levels left.
You didn't know any spells.

Dungeon Overview and Level Annotations

Branches:
Dungeon (10/15)            Temple (1/1) D:5            Lair (0/6) D:8
    Orc (0/2) D:10

Altars:
Ashenzari
Cheibriados
Dithmenos
Elyvilon
Fedhas
Gozag
Hepliaklqana
Kikubaaqudgha
Makhleb
Nemelex Xobeh
Okawaru
Qazlal
Ru
Sif Muna
Trog
Uskayaw
Vehumet
Xom
Yredelemnul
Zin
The Shining One

Shops:
D:5 *   D:6 :   D:9 *

Annotations:
D:4 Nr616's ghost, amateur NaMo
D:9 2 transporters Bailey dricus's ghost, novice TrMo


Innate Abilities, Weirdness & Mutations

You are too large for most types of armour.
You have tough skin. (AC +1)


Message History

* * * LOW HITPOINT WARNING * * *
A red film seems to cover your vision as you go berserk!
Cheibriados thinks you should slow down.
You feel very guilty. "You will pay for your transgression, mortal!"
Cheibriados forces you to slow down.
You feel mighty! Dricus's ghost hits you!!
* * * LOW HITPOINT WARNING * * *
You impale dricus's ghost!! You burn dricus's ghost.
Dricus's ghost is moderately damaged.
The orc knight no longer looks unusually strong.
Dricus's ghost completely misses you.
You puncture dricus's ghost!
Dricus's ghost is moderately damaged.
You puncture dricus's ghost! You burn dricus's ghost.
Dricus's ghost is heavily damaged.
The orc knight roars a battlecry!
The orc knight goes into a battle-frenzy!
Dricus's ghost hits you!
You die...

## ####
##∩#########
....##...##.....##
≈≈≈..#...#..≈≈≈..#
≈o≈≈.......≈≈o≈≈.#.
oo≈.......≈ooo≈.'o
o≈≈.....W.≈≈o≈≈o#
≈..#..@#..≈≈≈.o#
#.∩.##...o.##
##∩######### ###


You could see 2 orc knights, 5 orc warriors, dricus's ghost and 2 orcs.

Vanquished Creatures
  A two-headed ogre (D:9)
  Pikel (D:9)
  An elephant (D:8)
  A troll (D:9)
  A yak (D:8)
  2 basilisks (D:8)
  Menkaure (D:6)
  A water moccasin (D:9)
  3 sky beasts
  7 ice beasts
  2 ogres (D:4)
  2 black bears
  A big kobold (D:9)
  5 bullfrogs
  2 jellies (D:9)
  3 scorpions
  3 killer bees (D:9)
  4 wights (D:9)
  3 crimson imps
  8 hounds
  A centaur zombie (D:9)
  2 bullfrog skeletons
  2 orc priests (D:5)
  A centaur skeleton (D:6)
  7 orc wizards
  Terence (D:3)
  6 iguanas
  Natasha (thrice) (D:3)
  7 worker ants
  A killer bee zombie (D:5)
  A hound zombie (D:9)
  Robin (D:3)
  7 gnolls
  6 adders
  A river rat (D:4)
  A shadow imp (D:8)
  An adder zombie (D:6)
  An adder skeleton (D:9)
  2 worms (D:3)
  6 dart slugs
  8 leopard geckos
  25 orcs
  2 ball pythons
  5 giant cockroaches
  12 goblins
  11 hobgoblins
  21 jackals
  8 kobolds
  2 quokkas
  8 bats
  5 frilled lizards
  13 rats
230 creatures vanquished.

Vanquished Creatures (others)
  4 slaves (D:9)
  A wight (D:9)
5 creatures vanquished.

Grand Total: 235 creatures vanquished

Notes
Turn   | Place    | Note
-------+----------+-------------------------------------------
     0 | D:1      | wazuzu the Ogre Monk began the quest for the Orb.
     0 | D:1      | Reached XP level 1. HP: 24/24 MP: 1/1
    47 | D:1      | Reached XP level 2. HP: 30/32 MP: 2/2
   321 | D:1      | Reached skill level 4 in Polearms
   328 | D:1      | Reached XP level 3. HP: 15/39 MP: 3/3
  1139 | D:2      | Found a faded altar of an unknown god.
  1407 | D:2      | Reached XP level 4. HP: 48/48 MP: 4/4
  1735 | D:2      | Reached skill level 5 in Polearms
  1820 | D:2      | You fall through a shaft!
  1820 | D:3      | Noticed Robin
  2720 | D:3      | Reached XP level 5. HP: 43/54 MP: 5/5
  2952 | D:3      | Killed Robin
  2959 | D:3      | Reached skill level 6 in Polearms
  3321 | D:3      | Noticed Terence
  3456 | D:3      | Noticed Natasha
  3476 | D:3      | Killed Natasha
  3652 | D:3      | Noticed Natasha
  3660 | D:3      | Killed Natasha
  3660 | D:3      | Reached XP level 6. HP: 40/62 MP: 4/6
  3777 | D:3      | Noticed Natasha
  3788 | D:3      | Killed Natasha
  3961 | D:3      | Killed Terence
  4021 | D:3      | Found an iron altar of Okawaru.
  4393 | D:4      | Reached skill level 7 in Polearms
  4409 | D:4      | Noticed Nr616's ghost (amateur NaMo)
  4606 | D:4      | Noticed an orc warrior
  4724 | D:4      | Reached XP level 7. HP: 28/70 MP: 5/7
  5007 | D:4      | Reached skill level 8 in Polearms
  6212 | D:5      | Entered Level 5 of the Dungeon
  6272 | D:5      | Reached skill level 9 in Polearms
  6272 | D:5      | Reached XP level 8. HP: 42/78 MP: 4/8
  6946 | D:5      | Found Waiwk's Assorted Antiques.
  6952 | D:5      | Bought a granite ring for 120 gold pieces
  6981 | D:5      | Found a staircase to the Ecumenical Temple.
  7023 | Temple   | Entered the Ecumenical Temple
  7143 | D:5      | Reached skill level 10 in Polearms
  7786 | D:6      | Got a smoking trident
  7787 | D:6      | Identified the +5 trident of the Original Sin {flame, +Blink +Fly Dex+6} (You found it on level 6 of the Dungeon)
  8022 | D:6      | Found Koawnith's Book Shoppe.
  8193 | D:6      | Noticed Menkaure
  8197 | D:6      | Killed Menkaure
  8197 | D:6      | Reached skill level 11 in Polearms
  8348 | D:7      | Reached XP level 9. HP: 84/84 MP: 9/9
  9057 | D:8      | Found a staircase to the Lair.
  9057 | D:8      | Noticed an elephant
  9087 | D:8      | Reached skill level 12 in Polearms
  9329 | D:8      | Reached skill level 5 in Fighting
  9458 | D:8      | Killed an elephant
 10276 | D:9      | Noticed a two-headed ogre
 10287 | D:9      | Killed a two-headed ogre
 10287 | D:9      | Reached skill level 5 in Dodging
 10287 | D:9      | Reached XP level 10. HP: 90/106 MP: 7/10
 10354 | D:9      | Found a shattered altar of Ashenzari.
 10355 | D:9      | Found a glowing silver altar of Zin.
 10357 | D:9      | Found a radiant altar of Vehumet.
 10457 | D:9      | Found a transporter.
 10460 | D:9      | Found a transporter.
 10485 | D:9      | Found Bapyge's Assorted Antiques.
 10504 | D:9      | Got a faintly glowing robe
 10515 | D:9      | Identified the +1 robe of the Kettle-Drum {+Inv rF- Str+3} (You found it on level 9 of the Dungeon)
 10557 | D:9      | Noticed Pikel
 10563 | D:9      | Paralysed by Pikel for 6 turns
 10573 | D:9      | Killed Pikel
 10756 | D:9      | Bought a dented jasper amulet for 105 gold pieces
 10756 | D:9      | Bought a tubular bone ring for 105 gold pieces
 10949 | D:9      | Noticed a deep troll earth mage
 10954 | D:9      | Found an opulent altar of Gozag.
 11009 | D:9      | Found a basalt altar of Yredelemnul.
 11035 | D:9      | Reached skill level 10 in Fighting
 11356 | D:9      | Found a bloodstained altar of Trog.
 11357 | D:9      | Found a deep blue altar of Sif Muna.
 11361 | D:9      | Found a snail-covered altar of Cheibriados.
 11365 | D:9      | Became a worshipper of Cheibriados the Contemplative
 11365 | D:9      | Reached * piety under Cheibriados
 11365 | D:9      | Reached ** piety under Cheibriados
 11813 | D:10     | Entered Level 10 of the Dungeon
 11838 | D:10     | Found a flagged portal.
 11848 | D:10     | Got a bone halberd
 11858 | Bailey   | Entered a bailey
 11858 | Bailey   | Noticed an orc knight
 11859 | Bailey   | Noticed an orc knight
 11865 | Bailey   | Noticed dricus's ghost (novice TrMo)
 11872 | Bailey   | Was placed under penance by Cheibriados
 11872 | Bailey   | HP: 2/166 [dricus's ghost (26)]
 11875 | Bailey   | Mangled by dricus's ghost

Skill      XL: |  1  2  3  4  5  6  7  8  9 10 |
---------------+-------------------------------+-----
Polearms       | 4 5 6 7 9 11 12 | 12.2
Dodging        | 5 7 |  7.2
Fighting       | 8 10 | 10.4
Stealth        | |  1.4

Action                   |  1- 3 |  4- 6 |  7- 9 | 10-12 || total
-------------------------+-------+-------+-------+-------++-------
Melee: Spear             |   162 |   366 |   262 |       ||   790
       Trident           |       |       |   212 |   154 ||   366
 Abil: Evoke Flight      |       |       |     1 |       ||     1
Evoke: Wand              |       |     1 |     3 |     2 ||     6
  Use: Scroll            |       |    11 |     8 |     7 ||    26
       Potion            |       |     6 |     2 |     2 ||    10
 Stab: Sleeping          |     1 |     2 |    10 |     3 ||    16
       Distracted        |       |     1 |     3 |     1 ||     5
  Eat: Chunk             |     2 |     8 |     4 |     2 ||    16
       Fruit             |       |     1 |       |       ||     1
       Bread ration      |       |       |     4 |       ||     4
Armor: Robe              |    34 |    48 |    54 |    23 ||   159
       Skin              |       |    40 |    12 |       ||    52
Dodge: Dodged            |    49 |   151 |   145 |    78 ||   423
